[Event "Early-Titled-Tuesday-Blitz-November-28-2023"]
[Site "Chess.com"]
[Date "2023.11.28"]
[Round "5"]
[White "K_A_S_T_O_R"]
[Black "SashaKuzhilniy"]
[Result "1-0"]
[WhiteElo "2854"]
[BlackElo "2630"]
[TimeControl "180+1"]
[EndTime "8:59:21 PST"]
[Termination "K_A_S_T_O_R won by resignation"]

1. e4 e5 2. Nf3 Nc6 3. Bb5 Nf6 4.
d3 Bc5 5. c3 d5 6. Qe2 dxe4 7.
dxe4 O-O 8. O-O Qe7 9. Bg5 h6 10. Bxf6 Qxf6 11. Nbd2 Ne7 12. b4 Bb6 13. Nc4 Ng6 14.
g3 Bg4 15. Kg2 Rfd8 16. Rfd1 c6 17. Nxb6 axb6 18. Bc4 b5 19. Bb3 Rxd1 20. Rxd1 Rd8 21. Rxd8+ Qxd8 22. h3 Bc8 23. Qe3 Qd7 24. h4 Qd6 25.
Ne1 Nf8 26. Nd3 Be6 27. Nc5 Bxb3 28. axb3 b6 29. Nd3 Ne6 30. Kf3 c5 31. Ke2 c4 32.
Nc1 Qc6 33. Kd2 Kf8 34. f3 Ke7 35. Kc2 Qd6 36. Qe2 Qc6 37. Kb2 Kd7 38. Qd2+ Kc7 39. Ne2 Qd6 40. Qxd6+ Kxd6 41. Kc2 h5 42. Ng1 g6 43. Nh3 f5 44. Nf2 f4 45. g4 hxg4 46.
fxg4 Ke7 47. g5 Ng7 48. Ng4 Ke6 49. bxc4 bxc4 50. Nf6 Nh5 51. Nd5 Ng3 52. Nxb6 f3 53.
Nxc4 f2 54. Nd2 Nxe4 55. Nf1 Nd6 56. Kd3 Kd5 57. Ne3+ Ke6 58. Ke2 Ne4 59. c4 Kd6 60. Nd5 Ng3+ 61. Kxf2 Nf5 62. h5 gxh5 63. Nf6 h4 64.
Ne4+ Ke6 65. b5 h3 66. Kg1 Ne3 67. c5 Kd5 68. g6 Nf5 69. b6 Kc6 70. Kh2 Nh4 71.
g7 Nf3+ 72. Kxh3 Nd4 1-0

[Event "Early-Titled-Tuesday-Blitz-November-28-2023"]
[Site "Chess.com"]
[Date "2023.11.28"]
[Round "5"]
[White "MKlose11"]
[Black "ContrVersia"]
[Result "0-1"]
[WhiteElo "2617"]
[BlackElo "2876"]
[TimeControl "180+1"]
[EndTime "8:59:27 PST"]
[Termination "ContrVersia won by resignation"]

1. e4 c5 2. Nc3 Nc6 3. g3 g6 4. d3 Bg7 5. Be3 d6 6. Qd2 Rb8 7. Bg2 b5 8. Nge2 b4 9. Nd1 e5 10. O-O h5 11. h3 a5 12. f4 Nge7 13. fxe5 Nxe5 14. Bg5 Qc7 15. Bf6 O-O 16. Bxg7 Kxg7 17. Ne3 Be6 18. Rf2 f6 19. Nf4 Bf7 20. h4 a4 21. Bh3 a3 22. b3 N5c6 23. Ned5 Nxd5 24. exd5 Nd4 25. Raf1 f5 26. Bg2 Rbe8 27. Ne2 Re5 28.
Nxd4 cxd4 29. Qg5 Bxd5 30. Bxd5 Rxd5 31. Qf4 Qe7 32. Rd1 Re8 33. Rdd2 Qe3 34. Qg5 Qxg5 35.
hxg5 Re3 36. Kg2 Rde5 37. Rf4 Re2+ 38. Rf2 Rxd2 39. Rxd2 Kf7 40. Kf2 Ke6 41. Rd1 Kd5 42. Kf3 Re3+ 43. Kf2 Ke5 44. Rh1 f4 45. gxf4+ Kxf4 46.
Rh4+ Ke5 47. Rh1 Kd5 48. Rh4 Re5 49. Rh1 Rf5+ 50. Kg3 Rxg5+ 51. Kf3 Rf5+ 52. Kg3 Re5 53. Kf3 Re3+ 54. Kf2 Re5 55. Kf3 Rg5 56. Re1 h4 57. Re8 Rh5 58. Kg2 g5 59. Kh2 g4 60. Rg8 g3+ 61. Kh3 Re5 62. Kxh4 Re2 63. Kxg3 Rxc2 64. Kf4 Rf2+ 65. Kg3 Rxa2 66. Rb8 Rd2 67. Rxb4 Rxd3+ 68. Kf4 Rd2 69. Rb5+ Kc6 70. Ra5 a2 71. Ke4 Kb6 72. Ra8 Kb5 73. Ra4 Kc5 74. Rc4+ Kb6 75. Ra4 Kb5 76.
Ra8 Kb4 77. Rb8+ Kc3 78. Ra8 Kxb3 79. Rb8+ Kc3 80. Ra8 Kb2 81. Kd5 a1=Q 82. Rxa1 Kxa1 83. Kc4 Kb2 0-1

[Event "Early-Titled-Tuesday-Blitz-November-28-2023"]
[Site "Chess.com"]
[Date "2023.11.28"]
[Round "5"]
[White "MightyGMpretender"]
[Black "grandemestregringo"]
[Result "1-0"]
[WhiteElo "2820"]
[BlackElo "2619"]
[TimeControl "180+1"]
[EndTime "8:59:29 PST"]
[Termination "MightyGMpretender won by resignation"]

1. Nf3 f5 2. b3 Nf6 3. Bb2 e6 4. g3 Be7 5. Bg2 O-O 6. O-O c5 7. d4 Nc6 8. c4 cxd4 9. Nxd4 Ne4 10. Nc3 Nxd4 11. Qxd4 Bf6 12. Qd3 Qa5 13. Na4 Nc5 14. Nxc5 Bxb2 15. Rab1 Ba3 16. Nxb7 Qc7 17. Nd6 Rb8 18.
Rfd1 Rd8 19. Nb5 Qc5 20. Nxa3 Qxa3 21. Qd2 h6 22. e4 fxe4 23. Bxe4 Bb7 24. Bxb7 Rxb7 25.
Re1 Rf8 26. Re3 Rf7 27. Rd1 a5 28. Qe2 a4 29. Rdd3 Qc1+ 30. Kg2 a3 31. Rf3 Rxf3 32. Qxf3 Rc7 33. Qa8+ Kh7 34. Qd8 Ra7 35. Qb6 Qb1 36. Rd4 Ra8 37. Rd2 Qe4+ 38. f3 Qb1 39. Qf2 Rf8 40.
Qe2 Rf6 41. Qd3+ Qxd3 42. Rxd3 Rf7 43. b4 d5 44. cxd5 exd5 45. Rxa3 Rc7 46. b5 Rc2+ 47.
Kf1 Rb2 48. Rb3 Rxa2 49. b6 Ra8 50. b7 Rb8 51. Ke2 Kg6 52. Kd3 Kf6 53. Kd4 Ke6 54. g4 Kd6 55. h4 Kc6 56. h5 Kd6 57. f4 Kc6 58. Rb2 Kd6 59. Rb6+ Kc7 60. Rb1 Kc6 61. g5 Kd6 62. gxh6 gxh6 63. f5 Kc6 64. f6 Kd6 65.
Rb6+ Kc7 66. Rb5 Kc6 67. Rb1 Kd6 68. Rb2 Ke6 69. Rb6+ Kf7 70. Kxd5 Rd8+ 71. Ke5 Rb8 72. Rb5 Re8+ 73. Kf5 Rd8 74. Kf4 Rb8 75. Rb6 Ke8 76. Ke5 Kf7 77. Kd6 Kxf6 78. Kc7+ 1-0

[Event "Early-Titled-Tuesday-Blitz-November-28-2023"]
[Site "Chess.com"]
[Date "2023.11.28"]
[Round "5"]
[White "Amirreza_p"]
[Black "FunnyDuck66"]
[Result "0-1"]
[WhiteElo "2737"]
[BlackElo "2546"]
[TimeControl "180+1"]
[EndTime "8:59:38 PST"]
[Termination "FunnyDuck66 won by checkmate"]

1. c4 e6 2. d4 Nf6 3. Nc3 Bb4 4. e3 O-O 5. Bd3 d6 6. Nf3 Nbd7 7. Bd2 Qe7 8. Qc2 Bxc3 9. Bxc3 e5 10. Be2 Re8 11.
O-O e4 12. Nd2 Nf8 13. Rae1 Bf5 14. f4 exf3 15. Qxf5 Qxe3+ 16. Rf2 fxe2 17. Rxe2 Qxe2 18. Rxe2 Rxe2 19. h3 Ng6 20. Nf3 Rae8 21. d5 Ne4 22.
h4 Nxc3 23. bxc3 Ne5 24. Nxe5 R2xe5 25. Qd7 R5e7 26. Qb5 b6 27. Qa6 Re4 28. Qb5 h5 29.
Qd7 R4e7 30. Qc6 g6 31. Qb7 a5 32. Qc6 Re1+ 33. Kh2 R8e7 34. Qa8+ Kg7 35. Qd8 R1e4 36.
Kg3 Rg4+ 37. Kf2 Ree4 38. Qxc7 Rxc4 39. Qxd6 Rgf4+ 40. Ke3 Rf5 41. Qd8 Rxc3+ 42. Ke4 Rc5 43. d6 Rce5+ 44. Kd4 Rd5+ 45. Ke4 Rfe5+ 46. Kf4 Re6 47.
d7 Red6 48. Qc7 Rxd7 49. Qxb6 Rf5+ 50. Kg3 Rd3+ 51. Kh2 Rfd5 52. Qb2+ R3d4 53. Kh3 Kh7 54. Qf2 Rd3+ 55. Kh2 Rf5 56. Qb2 Rf4 57. g3 Rfd4 58.
Qb7 Kg7 59. Kh3 Rg4 60. Qb2+ Kh7 61. Qb6 Rgxg3+ 62. Kh2 Rgf3 63. Qxa5 Rf2+ 64. Kg1 Rf5 65. Qa6 Rd2 66. a4 Rc5 67. Qf1 Kg7 68. Qa1+ f6 69. Qb1 Rd7 70. Qb4 Rcd5 71. Qc4 Rd2 72. Qb3 Re7 73.
Qg3 Ra2 74. Qb3 Re1# 0-1

[Event "Early-Titled-Tuesday-Blitz-November-28-2023"]
[Site "Chess.com"]
[Date "2023.11.28"]
[Round "5"]
[White "WindWhistler11"]
[Black "Jojo_898"]
[Result "1-0"]
[WhiteElo "2561"]
[BlackElo "2387"]
[TimeControl "180+1"]
[EndTime "8:59:38 PST"]
[Termination "WindWhistler11 won by resignation"]

1. Nf3 Nf6 2. g3 e6 3. Bg2 d5 4. c4 Be7 5. O-O O-O 6. b3 Ne4 7. a3 Bf6 8. Ra2 b6 9. Qc2 Bb7 10. d3 Nd6 11. e3 c5 12. Qe2 dxc4 13. bxc4 Nc6 14. Rd1 Qc7 15. Ne1 Rad8 16. Nd2 Rd7 17. f4 Rfd8 18. g4 h6 19. Ndf3 Nxc4 20. g5 hxg5 21.
fxg5 Be7 22. h4 N4e5 23. Bb2 Ng4 24. Bh3 Nce5 25. Nxe5 Nxe5 26. g6 Nxg6 27. Qg4 Bxh4 28. Nf3 Rxd3 29. Rxd3 Rxd3 30. Nxh4 Rd1+ 31. Qxd1 Nxh4 32.
Qg4 Ng6 33. Ba1 c4 34. Bc3 e5 35. Rd2 b5 36. Qd7 Qc5 37. Qd8+ Nf8 38. Kf2 Qc6 39. Bb4 Qf3+ 40. Ke1 Qxh3 41. Qxf8+ Kh7 42. Kd1 Be4 43. Kc1 Qf1+ 44. Rd1 Qf2 45. Bd2 c3 46. Qb4 cxd2+ 47. Qxd2 Qxd2+ 48. Rxd2 a5 49. Rf2 Kg6 50. Kb2 Bd3 51. Kc3 e4 52. Rf4 a4 53. Kd4 f6 54.
Rf2 Kg5 55. Rg2+ Kh6 56. Kd5 Bc4+ 57. Kxe4 b4 58. axb4 a3 59. Rg1 a2 60. Kd4 Be6 61. b5 g5 62. Kc5 g4 63. Kd6 Bc8 64. b6 Bb7 65. Kc7 Be4 66. b7 Bxb7 67. Kxb7 Kg5 68.
Kc6 Kh4 69. Kd5 g3 70. Ke4 Kh3 71. Kf3 g2 72. e4 Kh4 73. Kxg2 Kg4 74. Rf1 a1=Q 75.
Rxa1 Kf4 76. Rf1+ 1-0

[Event "Early-Titled-Tuesday-Blitz-November-28-2023"]
[Site "Chess.com"]
[Date "2023.11.28"]
[Round "5"]
[White "VitaliyChayka"]
[Black "CristianS27"]
[Result "0-1"]
[WhiteElo "2421"]
[BlackElo "2581"]
[TimeControl "180+1"]
[EndTime "8:59:42 PST"]
[Termination "CristianS27 won by resignation"]

1. d4 Nf6 2. Bf4 c5 3. e3 Qb6 4. Na3 a6 5. Nc4 Qa7 6. dxc5 Qxc5 7. Qd4 Qxd4 8. exd4 Nd5 9. Bg3 b5 10. Ne3 Nxe3 11. fxe3 Bb7 12. Nf3 g6 13. Bd3 Bg7 14. c3 O-O 15. Kf2 d6 16. a4 bxa4 17. Rxa4 e5 18.
dxe5 dxe5 19. Bxe5 Nd7 20. Bxg7 Kxg7 21. Ra3 Nc5 22. Bc2 Rad8 23. Nd4 Rfe8 24. Ra5 Ne6 25. Rd1 Nc7 26. Bd3 Nd5 27. Re1 Rd6 28. g3 Rf6+ 29.
Kg1 Rxe3 30. Rxe3 Nxe3 31. Re5 Ng4 32. Re7 Bd5 33. c4 Ba8 34. Be2 Nf2 35. Bf1 h5 36.
Bg2 Bxg2 37. Kxg2 Nd1 38. b4 Rf2+ 39. Kg1 Rd2 40. Nf3 Rb2 41. c5 Rxb4 42. c6 Kf6 43.
Rb7 Rc4 44. c7 Ne3 45. Nd2 Rc1+ 46. Kf2 Nd5 47. Ne4+ Ke5 48. Ng5 Rc2+ 49. Kf3 f6 50. Nf7+ Ke6 51. Nd8+ Kd7 52. Ke4 Nxc7 53. Nf7 Rc4+ 54.
Kd3 Ra4 55. Nh8 g5 56. Ng6 Kc6 57. Rb8 Ra3+ 58. Kc4 Ra4+ 59. Kb3 Re4 60. Nf8 a5 61. Kc3 a4 62. h4 gxh4 63. gxh4 Rxh4 64. Ng6 Rh3+ 65.
Kc4 Rg3 66. Ne7+ Kd7 67. Nf5 Rg4+ 68. Nd4 Ne6 69. Rb7+ Kc8 70. Ra7 Rxd4+ 71. Kb5 Rd7 72. Ra8+ Kb7 73. Rxa4 Rd5+ 74. Kc4 Rd4+ 75. Kb3 Rxa4 76.
Kxa4 h4 0-1

[Event "Early-Titled-Tuesday-Blitz-November-28-2023"]
[Site "Chess.com"]
[Date "2023.11.28"]
[Round "5"]
[White "AccioChess"]
[Black "Fh2411"]
[Result "1-0"]
[WhiteElo "2475"]
[BlackElo "2546"]
[TimeControl "180+1"]
[EndTime "8:59:44 PST"]
[Termination "AccioChess won by resignation"]

1. Nf3 d5 2. d4 c6 3. Bf4 Qb6 4. Qc1 Bg4 5. Nbd2 Nd7 6. e3 Ngf6 7. h3 Bh5 8. Bd3 e6 9. O-O Bg6 10. Bh2 Be7 11. Ne5 Nxe5 12. dxe5 Nd7 13. Nf3 c5 14. Rb1 Rc8 15. Bxg6 hxg6 16. c4 Qc6 17. Rd1 dxc4 18. Qxc4 b5 19. Qg4 Nb6 20. Rd3 O-O 21. Bf4 Rfd8 22.
Rxd8+ Rxd8 23. Bg5 Qd7 24. Qh4 Nc8 25. Bxe7 Nxe7 26.
Ng5 Nf5 27. Qh7+ Kf8 28. e4 Qd3 29. Rf1 Nd4 30. Qh8+ Ke7 31. Qxg7 Ne2+ 32. Kh2 Rf8 33. Qf6+ Ke8 34. Re1 Nd4 35. Re3 Qd1 36. Ra3 Ne2 37. Nf3 Qd7 38. Ra6 Rg8 39. Qh4 g5 40. Qh7 Kf8 41.
Qh6+ Ke8 42. Qh7 Kf8 43. Rd6 Qe7 44. Qh6+ Ke8 45. Qh5 Nf4 46. Qh7 Kf8 47. g3 Ne2 48.
Qh6+ Ke8 49. Qh7 Kf8 50. Rd2 Nd4 51. Nxd4 cxd4 52. Rxd4 Ke8 53. Rd6 Kf8 54. Rc6 Qd7 55. Qh6+ Ke8 56. Rd6 Qe7 57. Qh5 Qc7 58. Qe2 Ke7 59.
Qxb5 Rb8 60. Qe2 Qc4 61. Qxc4 Rxb2 62. Qc7+ Kf8 63. Qd8+ 1-0

[Event "Early-Titled-Tuesday-Blitz-November-28-2023"]
[Site "Chess.com"]
[Date "2023.11.28"]
[Round "5"]
[White "LUISMIGUELOV"]
[Black "Kotlyar_K"]
[Result "0-1"]
[WhiteElo "2216"]
[BlackElo "2658"]
[TimeControl "180+1"]
[EndTime "8:59:47 PST"]
[Termination "Kotlyar_K won on time"]

1. d4 Nf6 2. c3 g6 3. Bg5 Bg7 4.
Nd2 d5 5. h4 h6 6. Bxf6 Bxf6 7.
g3 Nd7 8. Bg2 c6 9. Ngf3 O-O 10.
e3 e5 11. dxe5 Nxe5 12. Nxe5 Bxe5 13. h5 Bg7 14. hxg6 fxg6 15. Qe2 Qf6 16. f4 a5 17. O-O-O b5 18. Bh3 b4 19. Bxc8 Rfxc8 20. Nb1 c5 21. c4 dxc4 22. Qxc4+ Kh7 23. Rd2 Re8 24. e4 Rad8 25.
e5 Qf5 26. Rhd1 Rxd2 27. Nxd2 Rd8 28. Ne4 Rxd1+ 29. Kxd1 g5 30. Qd3 Kh8 31. Nxc5 Qg4+ 32. Qe2 Qxg3 33. fxg5 Qg1+ 34. Kd2 Qxg5+ 35. Qe3 Qxe3+ 36.
Kxe3 Bxe5 37. b3 Bc7 38. Ke4 Kh7 39. Kf5 Bd8 40. Ne6 Bb6 41. Nf8+ Kg7 42. Ne6+ Kf7 43.
Nf4 Kg7 44. Ne6+ Kf7 45. Nf4 Bd8 46. Ne6 Be7 47. Nf4 Bc5 48. Nh5 Be3 49. Ng3 Bc1 50. Nh5 Be3 51. Ng3 Bb6 52. Nh5 Ke7 53. Nf4 Kd6 54. Ke4 Kc5 55. Nh5 Bc7 56. Nf6 Kd6 57. Nh5 Ke6 58. Ng7+ Kf6 59. Nh5+ Kg5 60. Ng7 Kg4 61.
Ne6 Bg3 62. Nd4 h5 63. Ke3 h4 64. Ke2 h3 65. Kf1 Kf4 66. Nc6 Ke3 67. Nxa5 Bd6 68. Nc6 Kd3 69. Nxb4+ Bxb4 70. Kg1 Bd6 71. Kh1 Ke3 72.
a4 Kd4 73. b4 Kc4 74. b5 Kc5 0-1

[Event "Early-Titled-Tuesday-Blitz-November-28-2023"]
[Site "Chess.com"]
[Date "2023.11.28"]
[Round "5"]
[White "kuli4ik"]
[Black "VincentKeymer"]
[Result "0-1"]
[WhiteElo "2871"]
[BlackElo "3029"]
[TimeControl "180+1"]
[EndTime "8:59:50 PST"]
[Termination "VincentKeymer won by resignation"]

1. d4 Nf6 2. c4 e6 3. g3 Bb4+ 4. Bd2 Be7 5. Bg2 O-O 6. Nf3 d5 7. O-O c6 8. Qc2 Nbd7 9. Bf4 a5 10.
Rd1 h6 11. Nc3 dxc4 12. Nd2 Nb6 13. e4 a4 14. a3 Bd7 15. Nf3 Qc8 16. Ne5 c5 17. d5 exd5 18. exd5 Bf5 19. Qe2 Re8 20. Nxc4 Nxc4 21. Qxc4 Bc2 22. d6 Bxd1 23. Rxd1 Bf8 24. Nxa4 Qg4 25. Nc3 Rad8 26. Qxc5 Rc8 27. Qd4 Rcd8 28.
Bxb7 Bxd6 29. h3 Qd7 30. Qb6 Bc5 31. Rxd7 Bxb6 32. Rxd8 Rxd8 33. Kf1 Bd4 34. a4 g5 35. Be3 Bxe3 36. fxe3 Rb8 37. Bf3 Rxb2 38. a5 Rc2 39. a6 Rxc3 40. a7 Ra3 41. a8=Q+ Rxa8 42. Bxa8 Kg7 43. Ke2 Nd7 44. Kf3 f5 45. Bd5 Kf6 46. Ke2 Ke5 47. Bf3 Nc5 48. g4 f4 49. Bg2 Na4 50.
Kd3 Nb6 51. Bf3 Nd7 52. Ke2 Nf8 53. Bg2 Ng6 54. Kd3 Nh4 55. Bf1 Ng6 56. Bg2 Ne7 57. Ba8 Nc8 58. Bb7 Nd6 59. Bf3 Nb5 60. Bb7 Nc7 61. Bc6 Ne6 62. Ba8 fxe3 63. Kxe3 Nf4 64.
h4 gxh4 65. Bf3 Ne6 66. Kf2 Kf4 67. Be2 h3 68. Bf1 Kxg4 69. Kg1 Kg3 70. Kh1 Ng5 71. Bd3 Nf3 72. Bf5 Nd4 73. Bd7 Nc2 74.
Bc8 Ne3 75. Bd7 Nd1 76. Bc6 Nf2+ 77. Kg1 h2+ 78. Kf1 h1=Q+ 79. Bxh1 Nxh1 80. Ke2 Nf2 0-1

[Event "Early-Titled-Tuesday-Blitz-November-28-2023"]
[Site "Chess.com"]
[Date "2023.11.28"]
[Round "5"]
[White "FMStan15"]
[Black "Me_ch_an"]
[Result "1-0"]
[WhiteElo "2070"]
[BlackElo "2329"]
[TimeControl "180+1"]
[EndTime "8:59:51 PST"]
[Termination "FMStan15 won by checkmate"]

1. e4 c5 2. c3 Nf6 3. e5 Nd5 4. d4 cxd4 5. Nf3 Nc6 6. cxd4 d6 7. Bc4 Nb6 8. Bb5 dxe5 9. Nxe5 Bd7 10. Nxd7 Qxd7 11.
O-O e6 12. Nc3 Be7 13. Be3 O-O 14. Qf3 Rac8 15. Rfd1 Nd5 16. Nxd5 Qxd5 17. Qxd5 exd5 18. Rac1 h6 19. g3 Rfd8 20. Bxc6 Rxc6 21. Rxc6 bxc6 22. Rc1 Rb8 23. Rxc6 Rxb2 24. Rc7 Bf6 25. Rxa7 Rb1+ 26. Kg2 Rd1 27. Rd7 Ra1 28. Rxd5 Rxa2 29. h4 Kf8 30.
Kf3 Ke7 31. Ke4 Ra4 32. Rb5 Ke6 33. Rb6+ Ke7 34. Kd5 g5 35. hxg5 hxg5 36. Rb7+ Ke8 37. Kc5 Be7+ 38. Kc6 Rc4+ 39. Kb5 Rb4+ 40. Kc6 Rc4+ 41.
Kd5 Ra4 42. Rb5 Kd7 43. g4 Ra6 44. Rb7+ Ke8 45. Ke4 Re6+ 46. Kd3 Rd6 47. Rb5 f6 48. d5 Kf7 49. Ke4 Kg6 50. Rb7 Kf7 51. Bc5 Ra6 52.
Rxe7+ Kg6 53. Rc7 Ra4+ 54. Bd4 Ra1 55. Rc6 Re1+ 56. Kf3 Kf7 57. Rxf6+ Ke7 58. Rf5 Kd7 59. Rxg5 Rd1 60. Ke4 Re1+ 61. Be3 Rd1 62. Rg7+ Kd6 63. Rg6+ Kd7 64. g5 Ke7 65. f4 Kf7 66. f5 Ra1 67.
Rb6 Ra4+ 68. Bd4 Ra2 69. Rb7+ Ke8 70. g6 Re2+ 71. Kf4 Kf8 72. Kg5 Rg2+ 73. Kf6 Ke8 74. Rb8+ Kd7 75. g7 Kd6 76. g8=Q Rxg8 77. Rxg8 Kxd5 78.
Rd8+ Ke4 79. Ke6 Kf4 80. f6 Ke4 81. f7 Kd3 82. f8=Q Kc4 83. Qf5 Kb3 84. Qc5 Ka4 85.
Ra8+ Kb3 86. Rb8+ Ka2 87. Qa7# 1-0

[Event "Early-Titled-Tuesday-Blitz-November-28-2023"]
[Site "Chess.com"]
[Date "2023.11.28"]
[Round "5"]
[White "Dewarfd"]
[Black "nuadvaga"]
[Result "1-0"]
[WhiteElo "2125"]
[BlackElo "2281"]
[TimeControl "180+1"]
[EndTime "8:59:57 PST"]
[Termination "Dewarfd won by checkmate"]

1. d4 Nf6 2. e3 d5 3. Nf3 c5 4. dxc5 e6 5. c4 Qa5+ 6. Nc3 Qxc5 7. cxd5 exd5 8. Bb5+ Nc6 9. O-O Be7 10. a3 O-O 11.
Bxc6 bxc6 12. Na4 Qd6 13. b4 Bg4 14. Bb2 Nd7 15. Rc1 Rfc8 16. h3 Bh5 17. Nc5 Nxc5 18. Rxc5 Bf6 19. Bxf6 Qxf6 20. Qd4 Bxf3 21. Qxf6 gxf6 22.
gxf3 Rc7 23. Rfc1 Rac8 24. Kf1 a6 25. Ra5 Kf8 26. Rxa6 Ke7 27. Ra5 Kd7 28. Ke2 Rg8 29. b5 Rb8 30. bxc6+ Kd6 31. Rd1 Rxc6 32. Raxd5+ Ke6 33. f4 Rb3 34. R5d3 Rb2+ 35. Kf3 Rcc2 36. Rf1 Ra2 37.
e4 Rc4 38. Ke3 Ra4 39. f3 R2xa3 40. Rxa3 Rxa3+ 41. Kf2 Ra2+ 42. Kg3 Ke7 43. Rb1 Kf8 44. Rb5 Ra3 45. h4 Kg7 46. Rb7 Kg6 47. Kg4 h5+ 48.
Kg3 Ra1 49. Rb8 Rg1+ 50. Kh2 Rf1 51. Kg2 Ra1 52. Rh8 Ra2+ 53. Kg3 Ra1 54. f5+ Kg7 55.
Rxh5 Rg1+ 56. Kf4 Rh1 57. e5 Ra1 58. exf6+ Kxf6 59. Rh6+ Kg7 60. Rb6 Ra4+ 61. Kg5 Ra1 62. f6+ Kh7 63. Rb7 Ra5+ 64. Kg4 Kg6 65. Rb6 Ra1 66.
h5+ Kh6 67. Rb7 Ra4+ 68. f4 Ra1 69. Rxf7 Rg1+ 70. Kf5 Ra1 71. Rf8 Kh7 72. Kg5 Rg1+ 73. Kf5 Rg5+ 74. Ke6 Rxh5 75. f7 Rh6+ 76. Ke7 Ra6 77.
Rd8 Ra7+ 78. Rd7 Ra1 79. f8=Q Re1+ 80. Kd8+ Kg6 81. Rg7+ Kh5 82. Qh8# 1-0

[Event "Early-Titled-Tuesday-Blitz-November-28-2023"]
[Site "Chess.com"]
[Date "2023.11.28"]
[Round "5"]
[White "Quattroporte300"]
[Black "MaxLeto"]
[Result "1-0"]
[WhiteElo "2403"]
[BlackElo "2544"]
[TimeControl "180+1"]
[EndTime "9:00:00 PST"]
[Termination "Quattroporte300 won by checkmate"]

1. e4 b5 2. Bxb5 Bb7 3. Nc3 e5 4. Nf3 Qe7 5. O-O a6 6. Bc4 g6 7.
d4 d6 8. dxe5 dxe5 9. Ng5 Nh6 10.
Nd5 Bxd5 11. Qxd5 c6 12. Qd3 Bg7 13. Qh3 Nd7 14. Be3 Nf6 15. Ne6 fxe6 16. Bxh6 Bxh6 17. Qxh6 Nh5 18. Rad1 Rf8 19. Rd3 Rd8 20. Bxa6 Rxd3 21.
Bxd3 Rf4 22. g3 Rf7 23. Bc4 Rf6 24. Qd2 Kf7 25. Rd1 Kg7 26. Qd7 Rf7 27. Qxe7 Rxe7 28. Rd6 Nf6 29. f3 Ne8 30. Rxc6 Kf6 31. c3 Ra7 32. a3 Nc7 33. Kf2 Ke7 34. Ke3 Kd7 35.
Rc5 Kd6 36. b4 Rxa3 37. Kd3 Ra1 38. Ra5 Rh1 39. b5 Rxh2 40. b6 Ne8 41. b7 Kc7 42. Ra8 Kxb7 43. Rxe8 Rh3 44. Rxe6 Rxg3 45. Ke3 g5 46.
Rxe5 g4 47. Re7+ Kc6 48. Rf7 Kc5 49. Bd5 gxf3 50. Rxf3 Rg1 51. Rh3 Rg7 52. Kf4 Re7 53. Kf5 Rc7 54. Kf6 Ra7 55. Be6 Kd6 56. e5+ Kc5 57. Rd3 Rc7 58. Bf5 Ra7 59. e6 h5 60. e7 Ra8 61. Bg6 Ra6+ 62. Kg7 Re6 63. e8=Q Rxe8 64. Bxe8 h4 65. Bd7 h3 66. Bxh3 Kc4 67.
Rf3 Kd5 68. Bg4 Ke5 69. Kg6 Kd6 70. Kg5 Ke5 71. Re3+ Kd5 72. Kf6 Kd6 73. Rd3+ Kc6 74. Ke5 Kc5 75. Rd4 Kc6 76. Rc4+ Kb5 77. Be2 Kb6 78. Kd6 Kb5 79. Rb4+ Ka5 80. Rb8 Ka4 81. Kc5 Ka3 82. Kc4 Ka2 83. Bd1 Ka1 84. Kb3 Kb1 85. Bc2+ Kc1 86. Bf5 Kd2 87. Rd8+ Kc1 88. Bd3 Kd2 89.
Ba6+ Kc1 90. c4 Kb1 91. Rd1# 1-0

[Event "Early-Titled-Tuesday-Blitz-November-28-2023"]
[Site "Chess.com"]
[Date "2023.11.28"]
[Round "5"]
[White "Andrei_Skvortsov"]
[Black "jeetjain"]
[Result "1-0"]
[WhiteElo "2732"]
[BlackElo "2541"]
[TimeControl "180+1"]
[EndTime "9:00:03 PST"]
[Termination "Andrei_Skvortsov won on time"]

1. e4 c6 2. e5 d5 3. exd6 exd6 4. d4 d5 5. Nf3 Nf6 6. Bd3 Bd6 7. Qe2+ Qe7 8.
Qxe7+ Bxe7 9. O-O O-O 10. Re1 Bd6 11. Bg5 Nbd7 12. Nc3 h6 13. Bh4 Re8 14. Rxe8+ Nxe8 15. Re1 Ndf6 16. Ne5 Be6 17. a3 a5 18. Na4 g5 19.
Bg3 Nh5 20. Nb6 Rd8 21. f3 Nxg3 22. hxg3 Ng7 23. g4 f6 24. Ng6 Bf7 25. Ne7+ Kf8 26.
Nf5 Nxf5 27. Bxf5 Bc7 28. Nd7+ Kg7 29. Nc5 b6 30. Re7 bxc5 31. Rxc7 cxd4 32. Be6 Rf8 33. Kf2 Kg6 34. Bf5+ Kg7 35. Rxc6 Be8 36. Rc7+ Rf7 37. Rxf7+ Kxf7 38. Ke2 Bb5+ 39. Bd3 Bd7 40. Ba6 Ke6 41. b4 axb4 42. axb4 Kd6 43. Kd3 Ke5 44. b5 f5 45. b6 Kd6 46. b7 Kc7 47. gxf5 Bxf5+ 48. Kxd4 Bxc2 49. Kxd5 h5 50. Ke5 g4 51. fxg4 hxg4 52. g3 Bd1 53. Ke4 Bf3+ 54. Kf4 Bd1 55. Ke3 Ba4 56. Kd4 Bd7 57. Ke5 Ba4 58. Be2 Kxb7 59.
Kd6 Kb6 60. Bxg4 Bc2 61. Be2 Kb7 62. g4 Kc8 63. Ke7 Kc7 64. Bc4 Kc6 65. Be6 Kc5 66. Bf5 Bd1 67. g5 Bh5 68. Ke6 Kd4 69. Kf6 Ke3 70. Bg6 Be2 71. Bf7 Bd3 72. Ke5 Kf3 73.
Be6 Kg3 74. Bf5 Bc4 75. g6 Kh4 76. Kf6 Bb3 77. Be6 Bc2 78. Bf5 Bb3 79. g7 Kh5 80. Be6 1-0

[Event "Early-Titled-Tuesday-Blitz-November-28-2023"]
[Site "Chess.com"]
[Date "2023.11.28"]
[Round "5"]
[White "nitpicker"]
[Black "millenium19"]
[Result "1-0"]
[WhiteElo "2329"]
[BlackElo "2479"]
[TimeControl "180+1"]
[EndTime "9:00:27 PST"]
[Termination "nitpicker won by checkmate"]

1. d4 Nf6 2. c4 e6 3. g3 Bb4+ 4. Bd2 Qe7 5. Bg2 Bxd2+ 6. Qxd2 Nc6 7. Nf3 Ne4 8. Qc2 Qb4+ 9. Kf1 f5 10. a3 Qd6 11. e3 O-O 12. Nc3 Nxc3 13. Qxc3 b6 14.
Ke2 Bb7 15. Rhd1 Rae8 16. b4 Qe7 17. d5 Nd8 18. Nd4 exd5 19. cxd5 c5 20. dxc6 Nxc6 21. Nxc6 dxc6 22. Bxc6 Bxc6 23. Qxc6 Rc8 24. Qd5+ Kh8 25. Kf1 Rcd8 26. Qf3 Qf6 27. Rxd8 Qxa1+ 28. Rd1 Qf6 29.
Rd7 h6 30. Rxa7 b5 31. Qb7 Qe5 32. Ra5 Rb8 33. Ra8 Rxa8 34. Qxa8+ Kh7 35. Qa7 Qa1+ 36.
Kg2 Qe5 37. Qc5 Qe4+ 38. f3 Qd3 39. h3 Qe2+ 40. Kg1 Qe1+ 41. Kg2 Qe2+ 42. Kg1 Qxf3 43. Kh2 Qf2+ 44. Kh1 Qf1+ 45. Kh2 Qd3 46. Qe5 Kg6 47. g4 Qe2+ 48. Kg3 Qe1+ 49. Kg2 Qe2+ 50. Kg1 fxg4 51. Qe4+ Kf7 52. Qf4+ Kg8 53. hxg4 Qd1+ 54. Kg2 Qe2+ 55. Kg3 Qe1+ 56. Kf3 Qf1+ 57. Ke4 Qc4+ 58. Ke5 Qc3+ 59. Qd4 Qc7+ 60. Qd6 Qc3+ 61. Qd4 Qc7+ 62. Kf5 Qf7+ 63. Ke5 Qe7+ 64. Kd5 Qd7+ 65. Kc5 Qa7+ 66. Kxb5 Qxa3 67. Qd5+ Kh8 68. Qd8+ Kh7 69. Qd4 Qb3 70. Kc5 Qc2+ 71. Kd6 Qb3 72. Qe4+ Kg8 73. Kc5 Qc3+ 74. Kd5 Kh8 75. b5 Qb3+ 76. Kc5 Qc3+ 77. Kb6 Qb4 78. Ka6 Qd6+ 79. Qc6 Qa3+ 80. Kb7 Qd3 81. Qc5 Qe4+ 82.
Ka7 Qxg4 83. b6 Qd7+ 84. Ka6 Qa4+ 85. Kb7 Qd7+ 86. Ka6 Qd3+ 87. Ka7 Qd7+ 88. b7 Qa4+ 89. Kb8 Qe8+ 90. Qc8 Qxc8+ 91. bxc8=Q+ Kh7 92. Qc3 Kg6 93. Qc4 h5 94. Qf4 Kh7 95. Kc7 g6 96. Kd6 Kg7 97.
Qg5 h4 98. Ke6 h3 99. Qh4 h2 100. Qxh2 g5 101. Qg3 g4 102. Qxg4+ Kh6 103. Kf7 Kh7 104. Qh3# 1-0

[Event "Early-Titled-Tuesday-Blitz-November-28-2023"]
[Site "Chess.com"]
[Date "2023.11.28"]
[Round "5"]
[White "GMBenjaminBok"]
[Black "Elsa167"]
[Result "1/2-1/2"]
[WhiteElo "3032"]
[BlackElo "2911"]
[TimeControl "180+1"]
[EndTime "9:00:38 PST"]
[Termination "Game drawn - insufficient material"]

1. Nf3 Nf6 2. c4 e6 3. g3 d5 4. Bg2 Be7 5. O-O O-O 6. b3 a5 7.
Bb2 a4 8. bxa4 c6 9. cxd5 exd5 10. d3 Nbd7 11. Nc3 Nc5 12. Nd4 Qa5 13. Nb3 Qb4 14. Qc2 Nxa4 15. Nxa4 Qxa4 16. Rfb1 Re8 17. h3 Nd7 18. Qd2 Bf6 19. Bxf6 Nxf6 20. e3 Qa7 21.
Qc3 Be6 22. a4 Rec8 23. Nc5 Rc7 24. a5 Nd7 25. Nxe6 fxe6 26. h4 Qc5 27. Qd2 Qd6 28. d4 e5 29. Rb2 e4 30. Rab1 Ra7 31. Bh3 Nf6 32. Rb6 Qa3 33. Qb4 Qxb4 34. R1xb4 Ne8 35. Bf1 Nd6 36. a6 bxa6 37. Bxa6 Kf7 38. Be2 Ke6 39.
Rb2 g6 40. Rc2 Kd7 41. Bg4+ Nf5 42. Rb8 Kd6 43. Kg2 h5 44. Bxf5 gxf5 45. Rg8 Rg7 46. Rf8 Rgf7 47. Rd8+ Rfd7 48. Rc8 Rdc7 49. Rg8 Rg7 50. Rxg7 Rxg7 51. Ra2 Rh7 52. Ra8 Rh6 53. Rf8 Ke6 54. Rg8 Kd6 55. Kf1 c5 56. dxc5+ Kxc5 57. Rg5 d4 58. Rxf5+ Kc4 59. Re5 d3 60. Rxe4+ Kc3 61.
Rd4 Ra6 62. Kg2 d2 63. Kf3 Ra1 64. g4 hxg4+ 65. Kxg4 d1=Q+ 66. Rxd1 Rxd1 67. h5 Kc4 68. h6 Kd5 69. Kf5 Rh1 70. Kg6 Ke6 71. h7 Rg1+ 72. Kh6 Kf7 73. h8=N+ Kf6 74. Kh7 Rg7+ 75. Kh6 Rg2 76. Kh7 Rxf2 77. e4 Rg2 78. e5+ Kxe5 79.
Ng6+ Kf6 80. Nf4 Rh2+ 81. Kg8 Rd2 82. Nh5+ Kg6 83. Nf4+ Kf5 84. Nh5 Kg5 85. Ng7 Kg6 86. Ne8 Rf2 87. Ng7 Re2 88. Kf8 Re5 89. Ne8 Re2 90.
Nd6 Kf6 91. Ne8+ Ke6 92. Ng7+ Ke5 93. Kf7 Ra2 94. Nh5 Ra7+ 95. Kg6 Ra6+ 96. Kg5 Ra8 97. Kg4 Rg8+ 98. Kf3 Ra8 99. Kg4 Ke6 100. Nf4+ Kf6 101. Kf3 Kf5 102. Ne2 Ra3+ 103. Kf2 Ke4 104. Ng3+ Kd4 105. Ne2+ Ke4 106. Ng3+ Ke5 107. Ne2 Kf5 108. Ng3+ Kg4 109. Ne2 Ra2 110. Ke3 Rxe2+ 111. Kxe2 1/2-1/2